Map: Tokamak LE

Players

Percival - Winner!

  • Race: Terran Terran
  • Spawn Location: 1:00

Shameless

  • Race: Protoss Protoss
  • Spawn Location: 7:00

VOD

Have the link to the VOD?

Description

Time

  • Played on: May 27, 2025, 8:02 p.m.
  • Length: 12:20
Show
View Real Time Build Order
Export as new Build Order

Percival Terran - Winner!

Build Orders:  

Get SALT Encoding   

  12  0:00  SCV  
  13  0:12  SCV  
  14  0:17  Supply Depot  
  14  0:24  SCV  
  15  0:39  Barracks, SCV  
  16  0:43  Refinery  
  16  0:51  SCV  
  16  0:52  Refinery  
  17  1:03  SCV  
  18  1:15  SCV  
  19  1:23  Supply Depot  
  19  1:29  Reaper, Orbital Command  
  20  1:42  Factory  
  20  1:55  SCV  
  22  2:01  Reaper  
  22  2:07  SCV  
  23  2:17  Command Center  
  23  2:19  SCV  
  24  2:27  Hellion  
  26  2:32  SCV  
  26  2:34  Barracks Reactor  
  27  2:40  Starport  
  27  2:47  SCV  
  27  2:49  Supply Depot  
  28  2:52  Factory Tech Lab  
  28  2:59  SCV  
  29  3:11  SCV  
  29  3:12  Cyclone  
  33  3:16  Marine x2  
  35  3:23  SCV  
  33  3:31  Medivac  
  33  3:32  Orbital Command  
  35  3:35  SCV  
  35  3:36  Marine  
  35  3:37  Marine  
  38  3:48  SCV  
  38  3:52  Factory Tech Lab  
  38  3:54  Marine x2  
  40  3:58  SCV  
  40  4:00  SCV  
  42  4:06  Supply Depot  
  42  4:07  Banshee, Cloaking Field  
  45  4:10  SCV  
  45  4:12  SCV, Marine x2  
  49  4:17  Supply Depot  
  49  4:22  Siege Tank, SCV  
  54  4:24  SCV  
  54  4:30  Marine x2  
  56  4:34  SCV  
  56  4:36  SCV  
  54  4:40  Refinery  
  54  4:41  Supply Depot  
  54  4:46  SCV  
  54  4:48  SCV, Marine x2  
  54  4:49  Banshee  
  54  4:51  Barracks  
  61  4:58  SCV, Bunker  
  62  5:00  Supply Depot, SCV  
  62  5:04  Siege Tank  
  66  5:08  Marine x2  
  66  5:12  SCV x2  
  70  5:24  Engineering Bay  
  70  5:26  SCV x2  
  70  5:28  Barracks  
  72  5:31  Marine  
  72  5:33  Marine  
  72  5:34  Supply Depot  
  74  5:40  Siege Tank  
  74  5:42  SCV  
  78  5:43  SCV  
  78  5:45  Stimpack  
  78  5:46  Starport Reactor  
  78  5:47  Marine  
  80  5:52  Refinery  
  80  5:54  Marine  
  80  5:55  Supply Depot, Marine  
  82  6:01  SCV x2  
  83  6:06  Terran Infantry Weapons Level 1  
  83  6:09  Marauder  
  85  6:12  Missile Turret  
  85  6:14  Supply Depot, Marine  
  85  6:15  Marine  
  87  6:24  Medivac  
  89  6:28  Factory Reactor  
  89  6:30  Medivac  
  89  6:32  Marine x2  
  87  6:34  Marauder  
  87  6:36  Marauder  
  91  6:42  Supply Depot  
  91  6:43  Supply Depot  
  91  6:49  Combat Shield  
  91  6:51  Command Center  
  88  6:57  Marauder x2  
  88  6:58  Marine x2  
  94  7:09  Barracks x2, Medivac x2  
  94  7:14  Widow Mine x2  
  102  7:16  Marine x2  
  102  7:18  Supply Depot  
  102  7:20  Marauder  
  102  7:22  Marauder  
  108  7:31  SCV  
  108  7:32  SCV  
  108  7:35  Marine x2  
  112  7:41  Concussive Shells  
  112  7:42  Marauder  
  112  7:43  SCV, Marauder  
  112  7:44  SCV  
  113  7:53  Marine  
  113  7:55  Widow Mine x2  
  115  7:59  SCV  
  115  8:02  Marine  
  115  8:03  Marauder  
  115  8:05  Marauder  
  117  8:07  Barracks Tech Lab  
  117  8:09  Barracks Reactor  
  117  8:12  SCV x2  
  111  8:14  Viking x2  
  111  8:16  Marine  
  111  8:17  Ghost Academy  
  111  8:19  Widow Mine x2  
  120  8:20  Marine  
  120  8:23  Terran Infantry Armor Level 1  
  120  8:24  SCV  
  120  8:25  SCV, Marauder  
  120  8:26  Marauder  
  120  8:27  Marauder  
  129  8:32  Orbital Command  
  129  8:38  Refinery  
  129  8:39  Refinery  
  129  8:43  SCV x2  
  129  8:44  Marine x2  
  129  8:46  Marine x2  
  135  8:50  Medivac x2  
  134  8:56  Widow Mine x2  
  134  8:58  Marine  
  134  8:59  Marauder, Marine  
  137  9:04  SCV  
  130  9:13  Marine x4  
  130  9:14  SCV x2  
  130  9:16  SCV  
  138  9:17  Marauder  
  138  9:19  Widow Mine x2  
  136  9:26  SCV  
  126  9:36  Marauder, Marine x3  
  126  9:37  Marine, Marauder  
  128  9:38  SCV x2  
  128  9:39  SCV  
  128  9:42  Engineering Bay, Armory  
  128  9:44  Command Center  
  135  9:52  Widow Mine  
  135  9:53  Widow Mine  
  136  10:00  Viking x2  
  143  10:09  Missile Turret  
  143  10:11  SCV x3  
  146  10:16  Unknown  
  146  10:18  Supply Depot  
  146  10:19  Supply Depot x2  
  146  10:20  Widow Mine  
  148  10:26  Unknown  
  148  10:32  Unknown  
  148  10:40  Supply Depot, Viking x2, Widow Mine  
  148  10:41  Supply Depot  
  161  10:57  Barracks  
  161  11:00  Barracks  
  161  11:01  Barracks  
  165  11:04  Widow Mine x2  
  165  11:08  Unknown  
  165  11:09  Unknown x2  
  165  11:10  Medivac x2  
  169  11:11  SCV x2  
  169  11:12  SCV  
  170  11:22  Marine  
  170  11:23  Marauder x3, Marine x2  
  170  11:24  Missile Turret, Marine  
  180  11:27  Widow Mine  
  182  11:33  SCV x3  
  182  11:36  Refinery  
  182  11:37  Refinery  
  185  11:43  Marine x3  
  185  11:44  Marauder  
  185  11:45  Marauder  
  192  11:54  SCV  
  189  11:56  Marauder, Marine  
  189  12:00  Barracks Reactor, Barracks Tech Lab x2, Marine  
Show
View Real Time Build Order
Export as new Build Order

Shameless Protoss 

Build Orders: 1 Gate Expand, Blink Stalkers 

Get SALT Encoding   

  12  0:01  Probe  
  13  0:13  Probe  
  14  0:17  Pylon  
  14  0:24  Probe  
  15  0:32  Probe  
  15  0:37  Gateway  
  15  0:40  Probe  
  16  0:46  Assimilator  
  17  0:51  Probe  
  18  1:03  Probe  
  19  1:15  Probe  
  20  1:24  Cybernetics Core  
  20  1:32  Nexus  
  20  1:39  Pylon  
  20  1:41  Probe  
  21  1:47  Assimilator  
  21  1:51  Stalker  
  21  1:53  Probe  
  24  2:04  Warp Gate  
  24  2:05  Probe  
  25  2:17  Probe  
  25  2:18  Adept  
  29  2:30  Probe  
  29  2:36  Twilight Council  
  29  2:41  Probe  
  29  2:42  Probe  
  30  2:45  Stalker  
  30  2:50  Probe  
  33  2:54  Probe  
  33  2:56  Gateway  
  35  3:00  Probe  
  35  3:01  Blink  
  36  3:05  Shield Battery  
  36  3:06  Probe  
  36  3:12  Probe  
  38  3:18  Probe  
  38  3:24  Probe  
  38  3:30  Probe  
  38  3:36  Probe  
  38  3:39  Robotics Facility  
  38  3:42  Probe  
  38  3:48  Probe  
  40  3:50  Pylon  
  40  3:53  Stalker  
  40  3:54  Probe  
  43  3:57  Stalker  
  43  4:00  Probe  
  46  4:07  Assimilator  
  46  4:08  Probe  
  47  4:11  Gateway  
  47  4:14  Pylon  
  47  4:16  Probe  
  48  4:20  Probe  
  48  4:21  Stalker  
  51  4:25  Stalker  
  51  4:27  Observer  
  51  4:30  Probe  
  53  4:32  Probe  
  54  4:40  Assimilator  
  54  4:42  Probe  
  54  4:44  Probe  
  56  4:47  Observer  
  57  4:52  Pylon  
  57  4:55  Probe  
  57  4:56  Probe  
  59  5:06  Templar Archives  
  60  5:07  Probe  
  60  5:09  Pylon  
  60  5:17  Probe  
  60  5:18  Charge, Gateway  
  60  5:20  Nexus  
  60  5:23  Pylon  
  60  5:30  Probe x2  
  60  5:33  Psionic Storm  
  62  5:42  Probe x2  
  64  5:47  High Templar  
  66  5:51  Pylon  
  66  5:54  Probe x2, Gateway  
  66  5:56  Gateway  
  68  6:04  Gateway  
  68  6:06  Probe, Gateway  
  68  6:09  High Templar  
  68  6:11  Probe  
  70  6:17  High Templar  
  70  6:18  Probe  
  71  6:23  Probe  
  71  6:25  Warp Prism  
  68  6:27  Pylon  
  68  6:30  Probe  
  66  6:35  Probe  
  66  6:39  High Templar  
  71  6:42  Probe x2  
  71  6:45  Sentry, Zealot  
  77  6:47  Probe  
  77  6:48  Observer  
  79  6:54  Probe x2  
  79  6:59  Probe, Sentry, Zealot  
  79  7:00  Zealot  
  79  7:01  Forge  
  86  7:06  Probe, Pylon  
  86  7:08  Probe, Zealot  
  91  7:11  Probe, Observer  
  91  7:12  Zealot x2  
  91  7:14  Zealot  
  98  7:18  Probe  
  98  7:20  Probe  
  100  7:27  Pylon  
  98  7:32  Zealot x5  
  98  7:34  Probe  
  107  7:48  Probe  
  107  7:50  Zealot x3  
  106  7:52  Zealot x2  
  106  7:53  Zealot x3  
  98  8:13  Nexus  
  98  8:15  Observer  
  98  8:16  Stalker x2  
  99  8:22  Protoss Ground Weapons Level 1  
  99  8:25  Observer  
  100  8:27  Probe  
  100  8:36  Sentry, Stalker x2  
  106  8:44  Probe x2  
  106  9:01  Probe  
  103  9:06  Zealot x5  
  103  9:07  Sentry, Stalker  
  110  9:10  Zealot  
  110  9:13  Probe  
  110  9:16  Probe  
  75  9:33  Probe  
  75  9:37  Zealot x2  
  75  9:38  Zealot x2  
  77  9:41  Probe  
  77  9:42  Probe  
  77  9:44  Probe  
  78  9:49  Probe, Observer  
  78  9:50  Probe, Zealot x3  
  78  9:52  Probe  
  84  9:57  Probe  
  84  9:58  Probe  
  87  10:00  Probe  
  87  10:02  High Templar  
  87  10:04  High Templar  
  87  10:06  Observer  
  87  10:07  High Templar, Probe  
  96  10:09  Probe  
  96  10:11  Probe  
  100  10:17  Robotics Bay  
  98  10:21  High Templar  
  98  10:22  Zealot x2, Stalker  
  98  10:23  Zealot  
  98  10:26  Observer  
  108  10:35  Nexus  
  107  10:57  Zealot x5, Colossus  
  107  11:00  Observer  
  107  11:01  Stalker x3  
  125  11:17  Pylon  
  125  11:21  Forge  
  125  11:32  Probe x2  
  125  11:37  Zealot x3  
  127  11:40  Zealot x2  
  127  11:41  Zealot  
  125  11:55  High Templar  
  125  11:56  Zealot  
Tags
 
Composition
Blink Stalkers
Matchup
PvT
Spawn Locations
Cross Positions
Add a new tag
Caveats
  • Supply blocks, unpowered buildings, or Contaminate may cause inaccurate times.
  • Supply counts are checked every 10 seconds.